 Dungeon Crawl Stone Soup version 0.27-a0-1565-gad902ab (webtiles) character file.

Game seed: 7002609651326197324

144 Meow the Digger (level 5, -3/38 HPs)
             Began as a Ghoul Earth Elementalist on July 16, 2021.
             Slain by a killer bee (4 damage)
             ... on level 4 of the Dungeon.
             The game lasted 00:06:46 (3127 turns).

Meow the Digger (Ghoul Earth Elementalist)          Turns: 3127, Time: 00:06:47

Health: -3/38      AC:  3    Str: 12    XL:     5   Next: 26%
Magic:  5/9        EV: 12    Int: 11    God:
Gold:   136        SH:  0    Dex:  9    Spells: 4/10 levels left

rFire    . . .     SeeInvis .   a - +2 spear (vorpal)
rCold    + . .     Faith    .   (no shield)
rNeg     + + +     Spirit   .   b - +0 robe
rPois    ∞         Reflect  .   (no helmet)
rElec    .         Harm     .   m - +0 cloak
rCorr    .         Rampage  .   (no gloves)
Will     .....                  (no boots)
Stlth    ++........             (no amulet)
HPRegen  0.00/turn              (no ring)
MPRegen  0.11/turn              (no ring)

@: no status effects
A: claws 1, cold resistance 1, negative energy resistance 3, inhibited
regeneration, torment resistance 2
a: no special abilities


You were on level 4 of the Dungeon.
You visited 1 branch of the dungeon, and saw 4 of its levels.

You collected 136 gold pieces.

Inventory:

Hand Weapons
 a - a +2 vorpal spear (weapon)
Missiles
 c - 42 stones
 f - 10 poisoned darts
 k - 57 arrows
 q - 14 sling bullets
Armour
 b - a +0 robe (worn)
 m - a +0 cloak (worn)
 p - a +0 kite shield
Jewellery
 n - a ring of ice
Scrolls
 e - a scroll of magic mapping {unknown}
 g - a scroll of vulnerability {unknown}
 h - a scroll of identify {unknown}
 i - a scroll of acquirement {unknown}
 l - a scroll of enchant armour {unknown}
 o - a scroll of torment {unknown}
Potions
 d - a potion of might {unknown}
 j - a potion of invisibility {unknown}


   Skills:
 - Level 1.7 Dodging
 - Level 2.1 Stealth
 + Level 3.3 Spellcasting
 - Level 0.8 Transmutations
 + Level 5.0 Earth Magic


You had 4 spell levels left.
You knew the following spells:

 Your Spells              Type           Power      Damage    Failure   Level
a - Sandblast             Erth           26%        2d8       3%          1
b - Passwall              Tmut/Erth      6%         N/A       12%         2
c - Stone Arrow           Conj/Erth      14%        3d7       26%         3

Your spell library contained the following spells:

 Spells                   Type           Power      Damage    Failure   Level
 Petrify                  Tmut/Erth      8%         N/A       58%         4


Dungeon Overview and Level Annotations

Branches:
Dungeon (4/15)
 Temple: D:4-7

Altars:


Innate Abilities, Weirdness & Mutations

You thrive by killing the living.
You are immune to poison.
You have sharp fingernails.
Your flesh is cold resistant. (rC+)
You are immune to negative energy. (rN+++)
You do not regenerate when monsters are visible.
You are immune to unholy pain and torment.


Message History

Aiming: Sandblast (safe; 3% risk of failure)
Press: ? - help, Shift-Dir - straight line, f - killer bee
Aim: a killer bee (58% to hit)
The blast of sand hits the killer bee.
The killer bee is moderately wounded.
The killer bee misses you. The killer bee stings you.
Unknown command.
Casting: Sandblast (safe; 3% risk of failure)
Confirm with . or Enter, or press ? or * to list all spells.
Aiming: Sandblast (safe; 3% risk of failure)
Press: ? - help, Shift-Dir - straight line, f/p - killer bee
Aim: a killer bee (moderately wounded, 58% to hit)
The blast of sand misses the killer bee.
The blast of sand hits the killer bee!
The killer bee is severely wounded.
The killer bee buzzes angrily.
You hear an angry buzzing noise.
The killer bee barely misses you. The killer bee stings you!
Casting: Sandblast (safe; 3% risk of failure)
Confirm with . or Enter, or press ? or * to list all spells.
Aiming: Sandblast (safe; 3% risk of failure)
Press: ? - help, Shift-Dir - straight line, f/p - killer bee
Aim: a killer bee (moderately wounded, 58% to hit)
The blast of sand hits the killer bee.
The killer bee is moderately wounded.
The killer bee stings you! The killer bee stings you.
* * * LOW HITPOINT WARNING * * *
Okay, then.
Okay, then.
Casting: Sandblast (safe; 3% risk of failure)
Confirm with . or Enter, or press ? or * to list all spells.
Aiming: Sandblast (safe; 3% risk of failure)
Press: ? - help, Shift-Dir - straight line, f/p - killer bee
Aim: a killer bee (moderately wounded, 58% to hit)
The blast of sand misses the killer bee.
The blast of sand hits the killer bee.
You kill the killer bee!
The killer bee stings you.
* * * LOW HITPOINT WARNING * * *
The killer bee stings you.
You die...

...##+#.... #.......####
#.......+..# #.......##.#
....##....#.# ## #....#.#
##y...#.# #...y.<.#########
#.###..###..##yy@...#
......>.....##y####.#######
#.##..####.........)......#
#........##.###........#
#...#..................#
#....^......#####'######
#.##.#.#.#.......# #.##
#.##.#.#.#..####.###..##
#.##.....#.......##≈≈≈≈#


You could see 3 killer bees.

Vanquished Creatures
  A killer bee (D:4)
  An orc priest (D:4)
  An iguana (D:4)
  An adder skeleton (D:4)
  A worm (D:2)
  3 dart slugs
  2 orcs (D:4)
  9 endoplasms
  A giant cockroach (D:3)
  9 goblins
  7 hobgoblins
  8 jackals
  5 quokkas
  A ball python (D:2)
  5 bats
  A frilled lizard (D:3)
  5 kobolds
  4 rats
65 creatures vanquished.

Notes
Turn   | Place    | Note
-------+----------+-------------------------------------------
     0 | D:1      | Meow the Ghoul Earth Elementalist began the quest for the
                  | Orb.
     0 | D:1      | Reached XP level 1. HP: 14/14 MP: 2/2
   264 | D:1      | Reached XP level 2. HP: 20/20 MP: 0/4
   450 | D:1      | Learned a level 2 spell: Passwall
  1062 | D:2      | Reached XP level 3. HP: 26/26 MP: 5/5
  1136 | D:2      | Reached skill level 4 in Earth Magic
  1302 | D:2      | Learned a level 3 spell: Stone Arrow
  2342 | D:3      | Reached XP level 4. HP: 33/33 MP: 7/7
  2952 | D:4      | Reached XP level 5. HP: 38/38 MP: 8/8
  3041 | D:4      | Reached skill level 5 in Earth Magic
  3127 | D:4      | HP: 1/38 [killer bee (6)]
  3127 | D:4      | Slain by a killer bee

Illustrated notes

Levels and vault maps discovered:
D:1:      lightli_iron_boxes, layout_basic
D:2:      layout_basic
D:3:      cheibrodos_greedy_goblins, layout_rooms, minmay_misc_feat_tower,
          amcnicky_mini_corridor_feature, nicolae_underground_beach
D:4:      wander_river, layout_basic, minmay_misc_feat_iff, uniq_grinder

Skill      XL: |  1  2  3  4  5 |
---------------+----------------+-----
Spellcasting   | 2 3 |  3.3
Earth Magic    | 4 5 |  5.0
Dodging        | |  1.7
Stealth        | |  2.1
Transmutations | |  0.8

Action                   |  1- 3 |  4- 6 || total
-------------------------+-------+-------++-------
Melee: Unarmed           |    76 |       ||    76
       Spear             |    17 |    52 ||    69
 Cast: Sandblast         |    36 |    17 ||    53
       Passwall          |     1 |       ||     1
 Stab: Sleeping          |     1 |     2 ||     3
Armor: Robe              |    18 |    17 ||    35
Dodge: Dodged            |    46 |    39 ||    85

Table legend: (Time is in decaauts)
 A = Elapsed time spent in this place.
 B = Non-inter-level travel time spent in this place.
 C = Inter-level travel time spent in this place.
 D = Time resting spent in this place.
 E = Time spent auto-exploring this place.
 F = Levels seen in this place.
 G = Mean time per level.
                   A        B        C        D        E       F      G
               +--------+--------+--------+--------+--------+-----+--------+
         Total |   3148 |   3046 |    102 |    830 |   1681 |   4 |  787.0 |
       Dungeon |   3148 |   3046 |    102 |    830 |   1681 |   4 |  787.0 |
               +--------+--------+--------+--------+--------+-----+--------+

Top non-repeatable levels by time:
     D:2: 1071 daAuts
     D:1: 1056 daAuts
     D:3: 657 daAuts
     D:4: 364 daAuts
